 Dungeon Crawl Stone Soup version 0.29.1-12-g30fa7ad0bf (webtiles) character file.

Game seed: 6924776257260838656

1563308 KittyFluff the Gargoyle Barricade (level 27, 193/193 HPs)
             Began as a Gargoyle Berserker on Dec 22, 2022.
             Was the Champion of Trog.
             Escaped with the Orb
             ... and 3 runes on Dec 24, 2022!
             The game lasted 10:53:32 (82452 turns).

KittyFluff the Gargoyle Barricade (GrBe)           Turns: 82452, Time: 10:53:33

Health: 193/193    AC: 65    Str: 33    XL:     27
Magic:  7/7        EV: 16    Int: 14    God:    Trog [******]
Gold:   4723       SH: 35    Dex: 23    Spells: 26/26 levels left

rFire   + + .      SeeInvis .   a - +6 eveningstar (antimagic)
rCold   + + .      Faith    .   Z - +8 tower shield of the Lizard {rPois Dex+4 Slay+3}
rNeg    + + .      Spirit   .   x - +11 crystal plate armour
rPois   ∞          Reflect  .   M - -2 hat of the Alchemist {rElec rPois rF+ rC+ rN+ Will+ rMut rCorr}
rElec   +          Harm     .   D - scarf {rC+ rF+}
rCorr   +          Rampage  .   Q - +2 pair of gloves {Stlth+}
rMut    +                       t - +1 pair of boots
Will    +++..                   U - dreamshard necklace {*Dream Drain}
Stlth   ..........              T - ring of the Bursting Madman {Fly Int+4 Dex+6 Stlth+}
HPRegen 0.42/turn               z - +6 ring of strength
MPRegen 0.10/turn

@: flying, studying 2 skills
A: sickness immunity, AC +20, big wings, negative energy resistance 1,
electricity resistance, torment resistance 1, petrification resistance, dopey 1,
subdued magic 1, MP-powered wands
0: Orb of Zot
}: 3/15 runes: barnacled, silver, gossamer
a: Renounce Religion, Berserk, Trog's Hand, Brothers in Arms


You escaped.
You worshipped Trog.
Trog was exalted by your worship.
You visited 11 branches of the dungeon, and saw 55 of its levels.
You visited the Abyss 2 times.
You also visited: Bailey.

You collected 9665 gold pieces.
You spent 4942 gold pieces at shops.

Inventory:

Hand Weapons
 a - a +6 antimagic eveningstar (weapon)
 g - a +1 vorpal hand crossbow
 v - the +6 shillelagh "Devastator" {shatter}
   (You found it on level 3 of the Dungeon)

   It releases a powerful concussive burst when it strikes, dealing extra damage
   to the target and all other foes adjacent to them.
 w - the +10 morningstar of Cowardice {vorpal, SInv}
   (Trog gifted it to you on level 2 of the Elven Halls)

   It inflicts extra damage upon your enemies.
   SInv:      It lets you see invisible.
Missiles
 f - 25 boomerangs (quivered)
 h - a throwing net
 n - 15 curare-tipped darts
 R - 13 silver javelins
Armour
 e - the +6 scale mail "Komelun" {rN+ Will+ Int+4 Dex+3}
   (You found it on level 3 of the Elven Halls)

   Int:       It affects your intelligence (+4).
   Dex:       It affects your dexterity (+3).
   rN:        It protects you from negative energy.
   Will:      It increases your willpower.
 k - a scarf of invisibility
 t - a +1 pair of boots (worn)
 u - a +2 helmet of see invisible
 x - a +11 crystal plate armour (worn)
 D - a scarf of resistance (worn)
 M - the -2 hat of the Alchemist (worn) {rElec rPois rF+ rC+ rN+ Will+ rMut rCorr}
   (You bought it in a shop on level 1 of the Vaults)

   rF:        It protects you from fire.
   rC:        It protects you from cold.
   rElec:     It insulates you from electricity.
   rPois:     It protects you from poison.
   rN:        It protects you from negative energy.
   rCorr:     It protects you from acid and corrosion.
   rMut:      It protects you from mutation.
   Will:      It increases your willpower.
 Q - a +2 pair of gloves of stealth (worn)
 V - a +1 plate armour of fire resistance
 Z - the +8 tower shield of the Lizard (worn) {rPois Dex+4 Slay+3}
   (You acquired it on level 4 of the Spider Nest)

   Dex:       It affects your dexterity (+4).
   Slay:      It affects your accuracy & damage with ranged weapons and melee
   (+3).
   rPois:     It protects you from poison.
Jewellery
 r - the ring "Buyvyno" {rC+ Slay+4}
   (You took it off a deep elf demonologist on level 3 of the Elven Halls)

   [ring of slaying]

   Slay:      It affects your accuracy & damage with ranged weapons and melee
   (+4).
   rC:        It protects you from cold.
 s - an amulet of reflection
 z - a +6 ring of strength (right hand)
 F - an amulet of regeneration
 P - the ring "Feany" {rElec rN+ Dex+2}
   (You took it off a vampire knight on level 3 of the Crypt)

   [ring of positive energy]

   Dex:       It affects your dexterity (+2).
   rElec:     It insulates you from electricity.
   rN:        It protects you from negative energy.
 T - the ring of the Bursting Madman (left hand) {Fly Int+4 Dex+6 Stlth+}
   (You took it off a deep elf annihilator on level 3 of the Elven Halls)

   [ring of flight]

   Int:       It affects your intelligence (+4).
   Dex:       It affects your dexterity (+6).
   Fly:       It grants you flight.
   Stlth:     It makes you more stealthy.
 U - the dreamshard necklace (around neck) {*Dream Drain}
   (You took it off a deep elf death mage on level 3 of the Elven Halls)

   [amulet of nothing]

   It shatters if its wearer takes lethal or near-lethal damage, preventing the
   blow and releasing protective dreams that heal and fight for the wearer.
   Drain:     It drains your maximum health when unequipped.
 Y - the ring "Acvykhac" {rF+ AC+4 Str-3 Slay+2 Stlth+}
   (You bought it in a shop on level 1 of the Vaults)

   [ring of protection]

   AC:        It affects your AC (+4).
   Str:       It affects your strength (-3).
   Slay:      It affects your accuracy & damage with ranged weapons and melee
   (+2).
   rF:        It protects you from fire.
   Stlth:     It makes you more stealthy.
Wands
 o - a wand of digging (5)
 B - a wand of light (30)
 C - a wand of charming (29)
 N - a wand of flame (71)
 S - a wand of mindburst (28)
 W - a wand of roots (48)
Scrolls
 b - 6 scrolls of butterflies
 d - 19 scrolls of teleportation
 i - 3 scrolls of fear
 E - 3 scrolls of silence
 I - 5 scrolls of magic mapping
 J - 12 scrolls of poison
 L - 2 scrolls of summoning
 O - 7 scrolls of blinking
 X - 9 scrolls of immolation
Potions
 c - 7 potions of might
 j - 19 potions of heal wounds
 l - 24 potions of curing
 m - 4 potions of haste
 p - 10 potions of ambrosia
 q - 6 potions of cancellation
 y - 3 potions of mutation
 G - 8 potions of invisibility
 H - 4 potions of resistance
Miscellaneous
 A - a box of beasts
 K - a phial of floods


   Skills:
 + Level 25.4 Fighting
 + Level 1.9(16.1) Axes
 * Level 26.0 Maces & Flails
 + Level 16.4 Ranged Weapons
 + Level 3.2 Throwing
 * Level 23.0 Armour
 + Level 12.3 Dodging
 + Level 8.1 Stealth
 O Level 27 Shields


You had 26 spell levels left.
You didn't know any spells.
Your spell library contained the following spells:

 Spells                   Type           Power      Damage    Failure   Level
 Apportation              Tloc           0%         N/A       86%         1
 Alistair's Intoxication  Tmut/Pois      0%         N/A       100%        5


Dungeon Overview and Level Annotations

Branches:
Dungeon (15/15)            Temple (0/1) D:5            Lair (5/5) D:10
 Shoals (4/4) Lair:3       Spider (4/4) Lair:3        Slime (5/5) Lair:4
    Orc (2/2) D:9             Elf (3/3) Orc:2        Vaults (5/5) D:13
  Crypt (3/3) Vaults:3       Tomb (0/3) Crypt:3      Depths (4/4) D:15
    Zot (5/5) Depths:4     Bailey (visited)

Altars:
Ashenzari
Cheibriados
Elyvilon
Okawaru
Sif Muna
Wu Jian
Yredelemnul
Zin
Jiyva

Shops:
D:3 [   D:4 :   D:10 :   Orc:2 (:[*   Elf:1 (   Elf:3 (   Shoals:1 [
Vaults:1 !*[=*   Vaults:5 [   Depths:1 =?[   Depths:4 (

Portals:
Hell: Depths:1 Depths:2 Depths:3 Depths:4
Abyss: Depths:1 Depths:3 Depths:4
Pandemonium: Depths:2 Depths:4
Ziggurat: Depths:3

Annotations:
Slime:5 Royal Jelly
Depths:2 Boris


Innate Abilities, Weirdness & Mutations

You are immune to sickness and miasma.
Your stone body is resilient. (AC +20)
You are immune to poison.
Your large and strong wings let you fly.
You resist negative energy. (rN+)
You are resistant to electric shocks. (rElec)
You are resistant to unholy torment.
You are immune to petrification.
You are dopey. (Int -2)
Your spells are a little easier to cast, but a little less powerful.
You expend magic power (3 MP) to strengthen your wands.


Message History

The bolt of energy hits you.
There is an open door here.
You hear a grinding noise.
There is an escape hatch in the ceiling here.
Some rock shatters into small pieces.
A mysterious force pulls you upwards. The hatch slams shut behind you.
(D) Dungeon (T) Temple (L) Lair (A) Shoals (N) Spider Nest (M) Slime Pits (O) Orcish Mines (E) Elven Halls (V) Vaults (C) Crypt (W) Tomb (U) Depths (H) Hell (Z) Zot
Where to? (Enter - D:10 @ (x,y), ? - help)
What level of the Dungeon? (default 1, ? - help)
There is an open door here.
There is an empty arch of ancient stone here.
There is an open door here.
HP restored.
There is a stone staircase leading up here.
You fly upwards.
There is a stone staircase leading down here.
There is a stone staircase leading up here.
You fly upwards.
There is a stone staircase leading down here.
There is a stone staircase leading up here.
You fly upwards.
There is a stone staircase leading down here.
A shadow demon comes into view.
There is a stone staircase leading up here.
You fly upwards.
There is a stone staircase leading down here.
There is a stone staircase leading up here.
You fly upwards.
There is a stone staircase leading down here.
There is a stone staircase leading up here.
You fly upwards.
There is a stone staircase leading down here.
You reach down and open the door.
There is an open door here.
A hellwing comes into view.
There is a staircase leading out of the dungeon here.
You have escaped!

##### ######.@.######
###.............###
###.................###
#.+..4..............'.#
##.#.................#.###
#..###.............###...#
#.## ###.........### ###.#
#.# ###.....### #.# #.#
###.........### #.# #


You could see a hellwing.

Vanquished Creatures
  2 dread liches (Zot:5)
  6 ancient liches
  A juggernaut (Depths:3)
  Mennas (Depths:4)
  7 orbs of fire
  The ghost of dolemite99 the Warrior, a veteran DrFE of Okawaru (Vaults:4)
  The ghost of Dawneret the Gnoll Aeon, a master GnFi of Cheibriados (Zot:2)
  Sojobo (Vaults:3)
  Boris (Vaults:5)
  Bai Suzhen (Vaults:5)
  Frederick (Vaults:4)
  6 Killer Klowns
  Xtahua (Vaults:5)
  9 golden dragons
  6 curse toes
  Arachne (Spider:4)
  4 electric golems
  3 bone dragons
  Rupert (D:14)
  16 tentacled monstrosities
  7 titans
  25 Orb Guardians
  Asterion (Spider:4)
  2 liches (Crypt:3)
  2 walking earthen tomes
  2 deep elf master archers (Elf:3)
  17 acid blobs
  An Executioner (D:11)
  4 ancient champions
  3 deep elf blademasters
  6 quicksilver dragons
  A walking frostbound tome (Depths:2)
  3 tentacled starspawn (Abyss:1)
  10 tengu reavers
  5 sphinxes
  14 storm dragons
  7 death cobs
  9 shadow dragons
  Agnes (D:14)
  13 azure jellies
  Kirke (D:14)
  7 draconian monks
  14 rockslimes
  A revenant (Crypt:2)
  The ghost of TheSexyCheese the Severer, a journeyman HOFi of Gozag (Orc:2)
  5 iron dragons
  4 emperor scorpions
  9 draconian knights
  13 fire giants
  5 draconian scorchers
  6 deep elf sorcerers
  7 ghost moths
  5 frost giants
  2 orc warlords (Orc:2)
  16 vault wardens
  A balrug (Depths:1)
  Louise (D:15)
  16 quicksilver oozes
  2 deep elf elementalists (Elf:3)
  4 draconian stormcallers
  5 draconian shifters
  2 spriggan defenders
  A juggernaut skeleton (Depths:1)
  6 draconian annihilators
  2 broodmothers (Spider:3)
  A reaper (Crypt:2)
  7 ironbound thunderhulks
  8 war gargoyles
  3 ghouls
  17 stone giants
  11 ironbound preservers
  38 very ugly things
  7 green draconians
  6 vampire knights
  7 deep elf demonologists
  A rockslime zombie (Crypt:2)
  13 black draconians
  11 deep elf annihilators
  A lorocyproca (Depths:4)
  4 dire elephants (Vaults:3)
  6 entropy weavers
  3 demonspawn black suns (Zot:3)
  2 minotaurs (Shoals:4)
  15 white draconians
  Azrael (D:15)
  10 yellow draconians
  10 spark wasps
  16 purple draconians
  A spark wasp (shapeshifter) (Depths:3)
  10 ettins
  Snorg (Lair:4)
  A green death (Zot:5)
  5 merfolk impalers
  12 red draconians
  3 crystal guardians (Crypt:3)
  6 deep elf death magi
  An eidolon (Crypt:2)
  4 merfolk javelineers
  Josephine (D:14)
  3 jiangshi
  18 yaktaur captains
  Erolcha (D:12)
  8 fire dragons
  33 vault guards
  2 rakshasas
  18 great orbs of eyes
  6 hydras
  7 deep elf high priests
  11 ice dragons
  12 boulder beetles
  A hell beast (D:12)
  A jorogumo (Spider:4)
  3 spriggan air magi
  19 centaur warriors
  2 fenstrider witch skeletons
  3 merfolk avatars
  11 ironbound frosthearts
  An ogre mage (Vaults:5)
  A death knight (Crypt:1)
  A two-headed ogre (shapeshifter) (Vaults:5)
  An alligator (shapeshifter) (Vaults:5)
  A radroach (Spider:4)
  11 satyrs
  2 merfolk aquamancers
  10 two-headed ogres
  25 dancing weapons
  7 tengu warriors
  9 deep troll shamans
  A titan zombie (Crypt:3)
  2 death yaks
  4 deep troll earth magi
  6 orc high priests
  A thrashing horror (Abyss:1)
  4 spriggan berserkers
  6 vampire magi
  A bennu skeleton (Crypt:2)
  10 hell knights
  2 soul eaters (Depths:4)
  2 sun demons
  The ghost of Morynth the Grappler, a novice TrMo of Hepliaklqana (Orc:1)
  2 wretched stars (Abyss:1)
  Sonja (Lair:4)
  A shadow wraith (Crypt:2)
  12 deep elf knights
  A titan skeleton (Crypt:2)
  11 iron trolls
  23 skeletal warriors
  2 sixfirhies (Depths:4)
  6 orb spiders
  2 glowing orange brains
  8 steelbarb worms
  A bog body (Crypt:2)
  A quicksilver dragon simulacrum (Crypt:2)
  A deep troll (shapeshifter) (Vaults:5)
  4 pharaoh ants
  33 deep trolls
  10 deep elf archers
  5 flayed ghosts
  10 sea snakes
  8 wizards
  A spriggan simulacrum (Crypt:2)
  6 ironbound convokers
  An orange crystal statue (Elf:1)
  8 phantasmal warriors
  A swamp dragon (Lair:5)
  14 harpies
  A lindwurm (Lair:5)
  20 deep elf zephyrmancers
  A sphinx zombie (Vaults:1)
  An anaconda skeleton (Crypt:1)
  25 deep elf pyromancers
  16 necromancers
  12 orc knights
  A shining eye (shapeshifter) (Vaults:5)
  5 shining eyes
  35 ugly things
  7 orc sorcerers
  A stone giant zombie (Crypt:2)
  24 moths of wrath
  16 wolf spiders
  12 manticores
  9 elephants
  4 oklob plants (Lair:5)
  14 cyclopes
  11 fauns
  4 merfolk sirens
  2 fire giant skeletons (Crypt:2)
  A stone giant skeleton (Vaults:1)
  A frost giant skeleton (Crypt:2)
  A black mamba (Lair:4)
  A shock serpent skeleton (Crypt:2)
  2 rust devils (Depths:4)
  3 smoke demons
  4 eyes of devastation
  A gargoyle (D:11)
  2 titan simulacra (Crypt:1)
  An eye of devastation (shapeshifter) (Vaults:5)
  21 vault sentinels
  4 water nymphs
  8 torpor snails
  An orange demon (Depths:4)
  7 rime drakes
  An unseen horror (Abyss:1)
  An alligator snapping turtle skeleton (Crypt:2)
  5 cane toads
  15 komodo dragons
  A kobold demonologist (D:9)
  2 unseen horror zombies (D:8)
  Maggie (D:6)
  A yaktaur zombie (Vaults:3)
  A redback zombie (Crypt:1)
  34 yaktaurs
  An efreet (D:13)
  A green draconian zombie (Crypt:1)
  A hellion (Abyss:1)
  4 demonic crawlers
  An elf zombie (Vaults:3)
  2 tengu conjurers
  An ancient zyme (Abyss:1)
  3 freezing wraiths (Crypt:1)
  A hellwing (Depths:4)
  2 red devils
  A pale draconian skeleton (Crypt:1)
  11 meliai
  2 hornets
  19 merfolk
  A polar bear (Lair:5)
  5 trolls
  5 wind drakes
  19 tarantellas
  3 spriggan zombies
  A tarantella (shapeshifter) (D:13)
  3 ettin zombies
  A raiju (Abyss:1)
  21 blink frogs
  3 large abominations (Abyss:1)
  125 slime creatures
  2 harpy skeletons (Crypt:3)
  A guardian serpent zombie (Crypt:1)
  A hydra skeleton (Crypt:1)
  Sigmund (D:5)
  4 dream sheep
  35 flying skulls
  4 snapping turtles
  17 culicivoras
  4 small abominations (Abyss:1)
  3 shadows
  30 jumping spiders
  16 water elementals
  An ettin skeleton (Crypt:1)
  2 air elementals
  8 wraiths
  4 wyverns
  26 yaks
  7 basilisks
  A fire bat (shapeshifter) (D:14)
  6 fire elementals
  27 golden eyes
  3 hogs (D:14)
  Grum (D:9)
  16 vampire mosquitoes
  44 redbacks
  5 steam dragons
  A human simulacrum (Vaults:3)
  A chaos spawn (Depths:4)
  3 naga zombies (Crypt:3)
  Edmund (D:4)
  A swamp worm (shapeshifter) (Vaults:1)
  7 wargs
  4 acid dragons
  Duvessa (D:7)
  A floating eye (Slime:3)
  A hell hound (D:15)
  15 water moccasins
  A glowing shapeshifter skeleton (Crypt:1)
  59 orc warriors
  A meliai simulacrum (D:14)
  3 black bears
  6 ogres
  A floating eye zombie (Crypt:1)
  5 sky beasts
  22 wolves
  A boggart (Vaults:1)
  A wolf (shapeshifter) (Vaults:3)
  12 centaurs
  3 kobold brigands
  2 wyvern zombies (D:8)
  9 necrophages
  A gnoll sergeant (D:9)
  8 bullfrogs
  7 scorpions
  15 wights
  A naga simulacrum (Crypt:2)
  Dowan (D:7)
  13 killer bees
  9 electric eels
  2 howler monkeys (D:9)
  4 centaur zombies (D:8)
  4 starcursed masses (Abyss:1)
  A quasit (Abyss:1)
  A gnoll bouda (D:9)
  A hound (D:7)
  2 jellies
  27 orc priests
  Crazy Yiuf (D:3)
  Jessica (D:3)
  39 orc wizards
  4 iguanas
  Natasha (D:3)
  An acid dragon zombie (Crypt:1)
  5 gnolls
  3 adders
  A shadow imp (D:6)
  4 white imps
  An ufetubus (Abyss:1)
  An iguana skeleton (Crypt:2)
  A jelly zombie (Crypt:2)
  A worm (D:2)
  2 dart slugs
  133 orcs
  8 ball pythons
  7 endoplasms
  5 giant cockroaches
  16 goblins
  12 hobgoblins
  2 jackals (D:1)
  21 kobolds
  8 quokkas
  5 bats
  3 frilled lizards
  An orc zombie (Crypt:2)
  11 rats
2427 creatures vanquished.

Vanquished Creatures (collateral kills)
  2 very ugly things (Depths:3)
  A deep troll earth mage (Depths:3)
3 creatures vanquished.

Vanquished Creatures (others)
  2 golden dragons
  A draconian annihilator (Zot:5)
  A yellow draconian (Zot:4)
  A dancing weapon (Crypt:3)
  A deep elf knight (Elf:2)
  2 deep elf pyromancers (Elf:3)
  3 humans (D:14)
  A necrophage (Crypt:3)
  An orc priest (Orc:2)
  3 orc wizards
  2 orcs
  20 fungi
  162 plants
  11 starspawn tentacles (Abyss:1)
211 creatures vanquished.

Grand Total: 2641 creatures vanquished

Notes
Turn   | Place    | Note
-------+----------+-------------------------------------------
     0 | D:1      | KittyFluff the Gargoyle Berserker began the quest for the
                  | Orb.
     0 | D:1      | Reached XP level 1. HP: 14/14 MP: 1/1
    74 | D:1      | Reached XP level 2. HP: 3/20 MP: 2/2
   457 | D:1      | Found a faded altar of an unknown god.
   903 | D:1      | Reached XP level 3. HP: 16/24 MP: 3/3
  1650 | D:2      | Reached ** piety under Trog
  2523 | D:2      | Reached XP level 4. HP: 29/29 MP: 4/4
  2663 | D:3      | Noticed Jessica
  2672 | D:3      | Killed Jessica
  2905 | D:3      | Found a broken altar of Ashenzari.
  3188 | D:3      | Reached skill level 1 in Stealth
  3212 | D:3      | Found a runed translucent door.
  3212 | D:3      | Found the +6 shillelagh "Devastator" {shatter}
  3213 | D:3      | Noticed Crazy Yiuf
  3215 | D:3      | Identified the +10 hammer of Extinguishment {venom, Stlth+}
  3223 | D:3      | Killed Crazy Yiuf
  3224 | D:3      | Reached XP level 5. HP: 34/34 MP: 5/5
  3755 | D:3      | Found Bepet's Armour Boutique.
  3789 | D:3      | Noticed Natasha
  3792 | D:3      | Killed Natasha
  3826 | D:3      | Bought a +0 ring mail of cold resistance for 121 gold
                  | pieces
  3849 | D:4      | Noticed Edmund
  3857 | D:4      | Killed Edmund
  3858 | D:4      | Reached XP level 6. HP: 27/39 MP: 6/6
  3964 | D:4      | Found Ajeopy Ytoi's Book Boutique.
  4097 | D:4      | Reached *** piety under Trog
  4427 | D:5      | Entered Level 5 of the Dungeon
  4589 | D:5      | Noticed an orc warrior
  4600 | D:5      | Reached skill level 5 in Maces & Flails
  4602 | D:5      | Killed an orc warrior
  4603 | D:5      | Reached skill level 5 in Fighting
  4603 | D:5      | Reached XP level 7. HP: 20/44 MP: 7/7
  4727 | D:5      | Found a staircase to the Ecumenical Temple.
  4727 | D:5      | Noticed Sigmund
  4738 | D:5      | Killed Sigmund
  4739 | D:5      | Reached XP level 8. HP: 51/51 MP: 8/8
  5172 | D:6      | Reached **** piety under Trog
  5190 | D:6      | Reached skill level 5 in Armour
  5385 | D:6      | Noticed Maggie
  5390 | D:6      | Reached skill level 1 in Shields
  5402 | D:6      | Killed Maggie
  5403 | D:6      | Reached skill level 2 in Shields
  5403 | D:6      | Reached XP level 9. HP: 52/56 MP: 9/9
  6317 | D:7      | Reached skill level 3 in Shields
  6422 | D:7      | Found a flagged portal.
  6431 | Bailey   | Entered a bailey
  6507 | Bailey   | Noticed an orc sorcerer
  6584 | Bailey   | Reached ***** piety under Trog
  6654 | Bailey   | Reached XP level 10. HP: 38/63 MP: 10/10
  6701 | Bailey   | Paralysed by an orc sorcerer for 2 turns
  6707 | Bailey   | Paralysed by an orc sorcerer for 4 turns
  6712 | Bailey   | Killed an orc sorcerer
  6713 | Bailey   | Reached skill level 4 in Shields
  6927 | Bailey   | Reached skill level 5 in Stealth
  7091 | Bailey   | Identified the +4 hand axe "Hire Wupp" {venom, rC+ Int+3
                  | Dex+4}
  7094 | Bailey   | Identified the +2 chain mail of Infinity {rC+}
  7095 | Bailey   | Found an iron altar of Okawaru.
  7097 | Bailey   | Noticed an orc sorcerer
  7121 | Bailey   | Paralysed by an orc sorcerer for 3 turns
  7124 | Bailey   | Killed an orc sorcerer
  7405 | D:7      | Acquired a manual of Dodging
  7446 | D:7      | Noticed Duvessa
  7446 | D:7      | Noticed Dowan
  7453 | D:7      | Killed Dowan
  7465 | D:7      | Killed Duvessa
  7520 | D:7      | Received a gift from Trog
  7622 | D:7      | Reached skill level 5 in Shields
  7965 | D:8      | Reached skill level 5 in Dodging
  8124 | D:8      | Reached XP level 11. HP: 69/69 MP: 11/11
  8548 | D:8      | Reached skill level 10 in Maces & Flails
  9190 | D:9      | Received a gift from Trog
  9462 | D:9      | Found a staircase to the Orcish Mines.
  9462 | D:9      | Noticed Grum
  9482 | D:9      | Killed Grum
  9498 | D:9      | Reached skill level 6 in Shields
  9791 | D:9      | Noticed a cyclops
  9807 | D:9      | Killed a cyclops
  9839 | D:9      | Noticed a two-headed ogre
  9852 | D:9      | Killed a two-headed ogre
 10167 | D:10     | Entered Level 10 of the Dungeon
 10189 | D:10     | Noticed a deep elf pyromancer
 10201 | D:10     | Killed a deep elf pyromancer
 10202 | D:10     | Reached skill level 7 in Shields
 10606 | D:10     | Found Tuatit's Self-Improvement Boutique.
 10640 | D:10     | Found a staircase to the Lair.
 10692 | D:10     | Received a gift from Trog
 10925 | Orc:1    | Entered Level 1 of the Orcish Mines
 10953 | Orc:1    | Reached skill level 10 in Fighting
 10991 | Orc:1    | Noticed an orc high priest
 10999 | Orc:1    | Killed an orc high priest
 11000 | Orc:1    | Reached XP level 12. HP: 77/77 MP: 12/12
 11148 | Orc:1    | Noticed Morynth's ghost (novice TrMo)
 11149 | Orc:1    | Found a transporter.
 11149 | Orc:1    | Noticed a two-headed ogre
 11151 | Orc:1    | Noticed a two-headed ogre
 11152 | Orc:1    | Noticed a two-headed ogre
 11152 | Orc:1    | Noticed a two-headed ogre
 11257 | Orc:1    | Found a transporter.
 11261 | Orc:1    | Noticed a two-headed ogre
 11261 | Orc:1    | Noticed a two-headed ogre
 11263 | Orc:1    | Identified the +5 great mace of Poych {vorpal, Dex+3}
 11263 | Orc:1    | Noticed a two-headed ogre
 11387 | Orc:2    | Entered Level 2 of the Orcish Mines
 11387 | Orc:2    | Found a staircase to the Elven Halls.
 11547 | Orc:1    | Reached skill level 8 in Shields
 11790 | Orc:2    | Reached ****** piety under Trog
 11969 | Orc:2    | Noticed an orc high priest
 12088 | Orc:2    | Noticed a soul eater
 12160 | Orc:2    | Received a gift from Trog
 12175 | Orc:2    | Killed an orc high priest
 12284 | Orc:2    | Found a runed translucent gate.
 12284 | Orc:2    | Noticed an orc warlord
 12296 | Orc:2    | Found a runed translucent gate.
 12297 | Orc:2    | Found a runed translucent gate.
 12304 | Orc:2    | Noticed TheSexyCheese's ghost (journeyman HOFi)
 12305 | Orc:2    | Noticed an orc high priest
 12306 | Orc:2    | Identified the +1 leather armour "Meffaivuqu" {rC- rCorr
                  | Str+4}
 12394 | Orc:2    | Noticed an orc high priest
 12407 | Orc:2    | Killed an orc high priest
 12632 | Orc:2    | Noticed an orc high priest
 12657 | Orc:2    | Noticed a soul eater
 12702 | Orc:1    | Killed an orc high priest
 12777 | Orc:2    | Noticed an orc high priest
 12790 | Orc:2    | Killed an orc high priest
 12798 | Orc:2    | Reached XP level 13. HP: 73/84 MP: 13/13
 13009 | Orc:2    | Noticed an orc warlord
 13030 | Orc:2    | Killed an orc warlord
 13031 | Orc:2    | Reached skill level 1 in Throwing
 13031 | Orc:2    | Reached skill level 9 in Shields
 13290 | Orc:2    | Found Kiubinel's Antique Armour Shoppe.
 13291 | Orc:2    | Found Ulikk's Antique Weapon Emporium.
 13293 | Orc:2    | Found Juykovai's General Store.
 13293 | Orc:2    | Found Fitasch's Book Shoppe.
 13352 | Orc:2    | Bought a scroll of teleportation for 45 gold pieces
 13628 | D:10     | Bought a manual of Shields for 1120 gold pieces
 13691 | Lair:1   | Entered Level 1 of the Lair of Beasts
 13901 | Lair:1   | Received a gift from Trog
 14374 | Lair:2   | Reached skill level 10 in Shields
 15006 | Lair:2   | Identified the +4 dagger "Daydal" {antimagic, rF+ rCorr
                  | Int+4}
 15589 | Lair:3   | Reached skill level 1 in Ranged Weapons
 15753 | Lair:3   | Found a hole to the Spider Nest.
 16001 | Lair:3   | Reached skill level 1 in Axes
 16200 | Lair:3   | Found a staircase to the Shoals.
 16331 | Lair:4   | Reached skill level 11 in Shields
 16339 | Lair:4   | Noticed Sonja
 16353 | Lair:4   | Killed Sonja
 16379 | Lair:4   | Noticed Snorg
 16403 | Lair:4   | Killed Snorg
 16404 | Lair:4   | Gained mutation: Your large and strong wings let you fly.
                  | [Gargoyle growth]
 16404 | Lair:4   | Reached XP level 14. HP: 75/92 MP: 14/14
 16455 | Lair:4   | Acquired 1062 gold pieces
 16631 | Lair:4   | Reached skill level 12 in Shields
 16700 | Lair:4   | Received a gift from Trog
 16811 | Lair:4   | Found a staircase to the Slime Pits.
 16811 | Lair:4   | Found a viscous altar of Jiyva.
 16860 | Lair:5   | Entered Level 5 of the Lair of Beasts
 17135 | Lair:5   | Reached skill level 13 in Shields
 17734 | Lair:5   | Found a snail-covered altar of Cheibriados.
 18647 | Lair:5   | Reached skill level 5 in Ranged Weapons
 18655 | Lair:5   | Reached skill level 14 in Shields
 18952 | D:10     | Bought a manual of Armour for 1120 gold pieces
 18987 | D:11     | Received a gift from Trog
 19246 | D:11     | Reached XP level 15. HP: 67/100 MP: 15/15
 19792 | D:12     | Reached skill level 15 in Maces & Flails
 20304 | D:12     | Noticed Erolcha
 20309 | Abyss:1  | Cast into level 1 of the Abyss (Erolcha)
 20379 | Abyss:1  | Noticed a tentacled starspawn
 20381 | Abyss:1  | Noticed a cacodemon
 20411 | Abyss:1  | Killed a tentacled starspawn
 20412 | Abyss:1  | Reached skill level 15 in Shields
 20492 | Abyss:1  | Noticed a tentacled starspawn
 20512 | Abyss:1  | Killed a tentacled starspawn
 20833 | Abyss:1  | Noticed a tentacled starspawn
 20847 | Abyss:1  | Killed a tentacled starspawn
 20994 | D:12     | Escaped the Abyss
 20999 | D:12     | Killed Erolcha
 21410 | D:13     | Gained mutation: You have a pair of small horns on your
                  | head. [potion of mutation]
 21410 | D:13     | Lost mutation: You have a pair of small horns on your head.
                  | [potion of mutation]
 21411 | D:13     | Gained mutation: You have a somewhat thin skeletal
                  | structure. (Dex +2, Stealth+) [potion of mutation]
 21411 | D:13     | Gained mutation: You are partially covered in iridescent
                  | scales. (AC +2) [potion of mutation]
 21411 | D:13     | Lost mutation: You have a somewhat thin skeletal structure.
                  | (Dex +2, Stealth+) [potion of mutation]
 21517 | D:13     | Received a gift from Trog
 21674 | D:13     | Reached skill level 16 in Shields
 21747 | D:13     | Found a gate to the Vaults.
 22189 | D:14     | Found a white marble altar of Elyvilon.
 22211 | D:14     | Noticed Josephine
 22322 | D:14     | Killed Josephine
 22331 | Abyss:2  | Found a corrupted altar of Lugonu.
 22331 | Abyss:2  | Cast into level 2 of the Abyss (a wizard)
 22358 | D:14     | Escaped the Abyss
 22396 | D:14     | Noticed Kirke
 22401 | D:14     | Noticed a sphinx
 22463 | D:14     | Killed Kirke
 22762 | D:14     | Noticed Rupert
 22770 | D:14     | Noticed Agnes
 22790 | D:14     | Killed Agnes
 22878 | D:14     | Killed Rupert
 23025 | D:14     | Reached XP level 16. HP: 106/107 MP: 5/16
 23078 | D:15     | Entered Level 15 of the Dungeon
 23091 | D:15     | Noticed Azrael
 23111 | D:15     | Killed Azrael
 23112 | D:15     | Reached skill level 10 in Dodging
 23279 | D:15     | Reached skill level 17 in Shields
 23495 | D:15     | Reached skill level 15 in Fighting
 23496 | D:15     | Received a gift from Trog
 23814 | D:15     | Noticed Louise
 23828 | D:15     | Killed Louise
 24117 | D:15     | Found a staircase to the Depths.
 24739 | Orc:1    | Killed Morynth's ghost
 24995 | Orc:2    | Killed TheSexyCheese's ghost
 25095 | Elf:1    | Entered Level 1 of the Elven Halls
 25193 | Orc:2    | Reached skill level 18 in Shields
 25565 | Elf:1    | Found Wonogepa's Weapon Shoppe.
 25894 | Elf:1    | Reached skill level 10 in Armour
 26091 | Elf:1    | Identified the +5 rapier "Eggejad" {vorpal, rC+ rN+ Str-3
                  | Dex+4}
 26432 | Spider:1 | Entered Level 1 of the Spider Nest
 26474 | Spider:1 | Received a gift from Trog
 27335 | Spider:1 | Reached XP level 17. HP: 115/115 MP: 5/17
 28275 | Spider:2 | Reached skill level 19 in Shields
 29608 | Spider:4 | Entered Level 4 of the Spider Nest
 29608 | Spider:4 | Noticed Arachne
 29627 | Spider:4 | Killed Arachne
 29948 | Spider:4 | Received a gift from Trog
 30338 | Spider:4 | Noticed Asterion
 30357 | Spider:4 | Killed Asterion
 30596 | Spider:4 | Reached skill level 20 in Shields
 30769 | Spider:4 | Acquired the +8 tower shield of the Lizard {rPois Dex+4
                  | Slay+3}
 31000 | Spider:4 | Reached XP level 18. HP: 117/122 MP: 6/18
 31244 | Spider:4 | Got a gossamer rune of Zot
 31692 | Shoals:1 | Entered Level 1 of the Shoals
 31739 | Shoals:1 | Received a gift from Trog
 31853 | Shoals:1 | Identified the +0 leather armour "Igur Xonk" {rC+ Will++
                  | Regen+ Dex-2}
 31946 | Shoals:1 | Found Giader's Armour Emporium.
 32782 | Shoals:2 | Identified the +4 great mace of the Postmodern Ships {holy,
                  | Contam Will++ Str+7}
 33057 | Shoals:2 | Found a glowing silver altar of Zin.
 33445 | Shoals:3 | Received a gift from Trog
 33955 | Shoals:4 | Entered Level 4 of the Shoals
 34442 | Shoals:4 | Identified the ring of the Trout {Wiz rC- rCorr Int+5
                  | Slay+2}
 34530 | Shoals:4 | Received a gift from Trog
 34672 | Shoals:4 | Reached skill level 21 in Shields
 34826 | Shoals:4 | Identified the ring of the Burgomaster {rN+ Will+}
 34993 | Shoals:4 | Reached XP level 19. HP: 122/128 MP: 7/19
 35098 | Shoals:4 | Got a barnacled rune of Zot
 35712 | Vaults:1 | Entered Level 1 of the Vaults
 35756 | Vaults:1 | Found Bittoa's Armour Boutique.
 36467 | Vaults:1 | Found Ompeb's Assorted Antiques.
 36484 | Vaults:1 | Bought a potion of invisibility for 208 gold pieces
 36484 | Vaults:1 | Bought a potion of heal wounds for 130 gold pieces
 37511 | Vaults:1 | Found Zepreywki's Jewellery Shoppe.
 37546 | Vaults:1 | Bought the ring "Acvykhac" {rF+ AC+4 Str-3 Slay+2 Stlth+}
                  | for 878 gold pieces
 37636 | Vaults:1 | Reached skill level 15 in Armour
 37644 | Vaults:1 | Received a gift from Trog
 37798 | Vaults:1 | Identified the +1 scale mail of Unambiguity {rF+}
 37804 | Vaults:1 | Found Fiunopromio's Distillery.
 37949 | Vaults:1 | Found Jerur's Assorted Antiques.
 38424 | Vaults:1 | Bought the -2 hat of the Alchemist {rElec rPois rF+ rC+ rN+
                  | Will+ rMut rCorr} for 755 gold pieces
 38424 | Vaults:1 | Found the -2 hat of the Alchemist {rElec rPois rF+ rC+ rN+
                  | Will+ rMut rCorr}
 39191 | Vaults:2 | Reached skill level 22 in Shields
 39852 | Vaults:2 | Received a gift from Trog
 41134 | Vaults:3 | Reached XP level 20. HP: 109/137 MP: 6/20
 41797 | Vaults:3 | Noticed Sojobo
 41801 | Vaults:3 | Paralysed by an air elemental for 1 turns
 41807 | Vaults:3 | Paralysed by an air elemental for 1 turns
 41822 | Vaults:3 | Killed Sojobo
 41843 | Vaults:3 | Received a gift from Trog
 41966 | Vaults:3 | Reached skill level 23 in Shields
 42228 | Vaults:3 | Identified the +3 scale mail of Muphiebi {Will+}
 42294 | Vaults:3 | Found a staircase to the Crypt.
 42524 | Vaults:3 | Noticed an ancient lich
 42544 | Vaults:3 | Killed an ancient lich
 44489 | Vaults:4 | Noticed Frederick
 44508 | Vaults:4 | Killed Frederick
 44760 | Vaults:4 | Found a large runed translucent door.
 44760 | Vaults:4 | Found a large runed translucent door.
 44761 | Vaults:4 | Noticed dolemite99's ghost (veteran DrFE)
 44792 | Vaults:4 | Killed dolemite99's ghost
 44792 | Vaults:4 | Received a gift from Trog
 44793 | Vaults:4 | Reached skill level 10 in Ranged Weapons
 45124 | Vaults:1 | Bought a scroll of poison for 104 gold pieces
 45518 | Elf:1    | Reached XP level 21. HP: 71/143 MP: 7/21
 45772 | Elf:1    | Found a runed translucent gate.
 45772 | Elf:1    | Found a runed translucent gate.
 45772 | Elf:1    | Found a runed translucent gate.
 45772 | Elf:1    | Found a runed translucent gate.
 45772 | Elf:1    | Found a runed translucent gate.
 45773 | Elf:1    | Found a runed translucent gate.
 46118 | Elf:2    | Reached skill level 24 in Shields
 46184 | Elf:2    | Found a shimmering blue altar of Sif Muna.
 46291 | Elf:2    | Found a runed translucent gate.
 46291 | Elf:2    | Found a runed translucent gate.
 46291 | Elf:2    | Found a runed translucent gate.
 46668 | Elf:2    | Identified the +10 morningstar of Cowardice {vorpal, SInv}
                  | (Trog gifted it to you on level 2 of the Elven Halls)
 46668 | Elf:2    | Received a gift from Trog
 47478 | Depths:1 | Entered Level 1 of the Depths
 47572 | Depths:1 | Found an ornate altar of the Wu Jian Council.
 48045 | Depths:1 | Found a gateway to Hell.
 48128 | Depths:1 | Found a one-way gate to the infinite horrors of the Abyss.
 48244 | Depths:1 | Found Tidots's Jewellery Emporium.
 48393 | Depths:1 | Found Eshrias's Magic Scroll Shop.
 48399 | Depths:1 | Found Dulaanon's Armour Shop.
 48803 | Depths:1 | Found a glowing silver altar of Zin.
 48976 | Depths:1 | Received a gift from Trog
 49452 | Depths:2 | Reached skill level 25 in Shields
 49672 | Depths:2 | Found a one-way gate leading to the halls of Pandemonium.
 49706 | Depths:2 | Reached XP level 22. HP: 150/150 MP: 7/22
 50810 | Depths:2 | Identified the +8 shortbow "Hawkuzarog" {venom, rC+}
 51047 | Depths:3 | Noticed a juggernaut
 51066 | Depths:3 | Killed a juggernaut
 51514 | Depths:3 | Identified the +6 mace of Trog's Righteous Fury {antimagic,
                  | rPois} (Trog gifted it to you on level 3 of the Depths)
 51514 | Depths:3 | Received a gift from Trog
 51520 | Depths:3 | Noticed a golden dragon
 51566 | Depths:3 | Killed a golden dragon
 52144 | Depths:3 | Found a one-way gateway to a ziggurat.
 52181 | Depths:3 | Reached skill level 26 in Shields
 53341 | Depths:3 | Reached XP level 23. HP: 146/156 MP: 7/23
 53877 | Depths:4 | Entered Level 4 of the Depths
 53907 | Depths:4 | Found Lekhlul's Antique Weapon Shop.
 54412 | Depths:4 | Received a gift from Trog
 54827 | Depths:4 | Identified the +3 tower shield of the Hidden Vale {rPois
                  | rF- Str+3 Int+4}
 54827 | Depths:4 | Noticed Mennas
 54828 | Depths:4 | Found an iron altar of Okawaru.
 54842 | Depths:4 | Killed Mennas
 55115 | Depths:4 | Paralysed by a great orb of eyes for 5 turns
 55250 | Depths:4 | Reached skill level 27 in Shields
 55251 | Depths:4 | Gained mutation: You have hidden genetic defects. [a
                  | shining eye]
 55474 | Depths:4 | Identified the +6 flail of Harmony {vorpal, *Corrode rF+
                  | rC+ Int+2}
 55697 | Depths:4 | Found a gate to the Realm of Zot.
 56013 | Depths:1 | Bought a scroll of fear for 80 gold pieces
 56013 | Depths:1 | Bought a scroll of teleportation for 60 gold pieces
 56013 | Depths:1 | Bought a scroll of teleportation for 60 gold pieces
 56300 | Elf:3    | Entered Level 3 of the Elven Halls
 56363 | Elf:3    | Found Miopp's Weapon Emporium.
 56730 | Elf:3    | Received a gift from Trog
 56915 | Elf:3    | Gained mutation: You are frail. (-10% HP) [hidden defects]
 57296 | Elf:3    | Identified the +7 hand axe of Qeqeary {drain, Int+4}
 57296 | Elf:3    | Identified the ring "Buyvyno" {rC+ Slay+4}
 57328 | Elf:3    | Identified the ring of the Bursting Madman {Fly Int+4 Dex+6
                  | Stlth+}
 57745 | Elf:3    | Identified the +6 scale mail "Komelun" {rN+ Will+ Int+4
                  | Dex+3}
 58327 | Elf:3    | Acquired a +1 vorpal hand crossbow
 58488 | D:9      | Lost mutation: You are frail. (-10% HP) [potion of
                  | mutation]
 58488 | D:9      | Lost mutation: You are partially covered in iridescent
                  | scales. (AC +2) [potion of mutation]
 58488 | D:9      | Lost mutation: You have hidden genetic defects. [potion of
                  | mutation]
 58488 | D:9      | Gained mutation: You expend magic power (3 MP) to
                  | strengthen your wands. [potion of mutation]
 58717 | Slime:1  | Entered Level 1 of the Pits of Slime
 59233 | Slime:3  | You are sucked into a shaft and drop 1 floor!
 59256 | Slime:2  | Reached XP level 24. HP: 164/164 MP: 7/23
 59268 | Slime:2  | Received a gift from Trog
 60540 | Slime:3  | Paralysed by a floating eye for 3 turns
 60593 | Slime:3  | Found a viscous altar of Jiyva.
 60898 | Slime:4  | Received a gift from Trog
 61236 | Slime:5  | Entered Level 5 of the Pits of Slime
 61756 | Slime:5  | Noticed the Royal Jelly
 61772 | Slime:5  | Received a gift from Trog
 62687 | Crypt:1  | Entered Level 1 of the Crypt
 64206 | Crypt:2  | Received a gift from Trog
 64959 | Crypt:3  | Entered Level 3 of the Crypt
 65484 | Crypt:3  | Reached XP level 25. HP: 172/172 MP: 23/23
 65640 | Crypt:3  | Found a basalt altar of Yredelemnul.
 65641 | Crypt:3  | Noticed an ancient lich
 65653 | Crypt:3  | Killed an ancient lich
 65785 | Crypt:3  | Received a gift from Trog
 66072 | Crypt:3  | Found a staircase to the Tomb.
 66337 | Crypt:3  | Identified the +4 hand axe "Uniaqikh" {venom, rPois Will+
                  | Str+3}
 66488 | Crypt:3  | Identified the ring "Feany" {rElec rN+ Dex+2}
 66501 | Crypt:3  | Identified the ring "Fonich" {rN+ Str-2 Dex+9}
 66501 | Crypt:3  | Identified the ring of Commapt {rN+ Slay+3}
 66634 | Crypt:3  | Found the +5 scythe "Finisher" {speed, eviscerate}
 66787 | Crypt:1  | Found a basalt altar of Yredelemnul.
 66961 | Vaults:5 | Entered Level 5 of the Vaults
 67097 | Vaults:5 | Received a gift from Trog
 67451 | Vaults:5 | Noticed Bai Suzhen
 67470 | Vaults:5 | Killed Bai Suzhen
 68058 | Vaults:5 | Noticed Xtahua
 68091 | Vaults:5 | Killed Xtahua
 68534 | Vaults:5 | Reached skill level 15 in Ranged Weapons
 68536 | Vaults:5 | Identified the +9 short sword "Fufon" {flame, Dex+2}
 68702 | Vaults:5 | Identified the +12 hand axe "Abaivola" {vorpal, *Corrode
                  | rPois Dex+9} (Trog gifted it to you on level 5 of the
                  | Vaults)
 68702 | Vaults:5 | Received a gift from Trog
 68708 | Vaults:5 | Identified the +3 plate armour "Taamered" {rPois Regen+
                  | Int+2}
 68876 | Vaults:5 | Noticed an ancient lich
 68884 | Vaults:5 | Killed an ancient lich
 68885 | Vaults:5 | Reached XP level 26. HP: 149/180 MP: 7/23
 68916 | Vaults:5 | Identified the +5 great mace of the Ass {vorpal, rElec rC+
                  | Will+}
 68922 | Vaults:5 | Noticed Boris
 68940 | Vaults:5 | Killed Boris
 69398 | Vaults:5 | Got a silver rune of Zot
 70091 | Vaults:5 | Found Etiojox's Antique Armour Boutique.
 70109 | Vaults:5 | Bought an ichor-stained scale mail for 261 gold pieces
 70109 | Vaults:5 | Identified the +1 scale mail "Niviadghe" {SInv} (You bought
                  | it in a shop on level 5 of the Vaults)
 70154 | Vaults:5 | Identified the +0 scale mail "Kiann" {-Tele rN+ Stlth+}
 70248 | Vaults:5 | Identified the +11 falchion of Waucemug {antimagic, Will++
                  | Int-3 Dex+4} (Trog gifted it to you on level 5 of the
                  | Vaults)
 70248 | Vaults:5 | Received a gift from Trog
 70861 | Zot:1    | Entered Level 1 of the Realm of Zot
 72560 | Zot:2    | Found a runed translucent door.
 72566 | Zot:2    | Noticed Dawneret's ghost (master GnFi)
 72753 | Zot:2    | Received a gift from Trog
 74009 | Zot:2    | Killed Dawneret's ghost
 75124 | Zot:3    | Noticed an orb of fire
 75157 | Zot:3    | Killed an orb of fire
 75512 | Zot:3    | Identified the +3 whip of Dullness {flame, rF++}
 75581 | Zot:3    | Received a gift from Trog
 75948 | Zot:4    | Reached XP level 27. HP: 172/189 MP: 7/23
 76674 | Zot:4    | Noticed an ancient lich
 76694 | Zot:4    | Killed an ancient lich
 78474 | Zot:5    | Entered Level 5 of the Realm of Zot
 78511 | Zot:4    | Received a gift from Trog
 79453 | Zot:5    | Noticed an orb of fire
 79458 | Zot:5    | Noticed an orb of fire
 79477 | Zot:5    | Killed an orb of fire
 79494 | Zot:5    | Killed an orb of fire
 79496 | Zot:5    | Noticed an orb of fire
 79513 | Zot:5    | Killed an orb of fire
 79517 | Zot:5    | Noticed an orb of fire
 79524 | Zot:5    | Noticed an ancient lich
 79975 | Zot:5    | Noticed an ancient lich
 79994 | Zot:5    | Noticed an orb of fire
 79994 | Zot:5    | Gained mutation: Your spells are a little easier to cast,
                  | but a little less powerful. [an orb of fire]
 80011 | Zot:4    | Gained mutation: You are dopey. (Int -2) [an orb of fire]
 80012 | Zot:4    | Killed an orb of fire
 80084 | Zot:4    | Killed an orb of fire
 80132 | Zot:5    | Killed an ancient lich
 80176 | Zot:5    | Noticed an orb of fire
 80209 | Zot:5    | Killed an orb of fire
 80233 | Zot:4    | Killed an ancient lich
 80411 | Zot:4    | Received a gift from Trog
 81067 | Zot:5    | Noticed a dread lich
 81087 | Zot:5    | Killed a dread lich
 81122 | Zot:5    | Noticed a dread lich
 81147 | Zot:5    | Killed a dread lich
 81605 | Zot:5    | Identified the +1 sling of Kindness {flame, rElec Will-
                  | Str+7}
 81839 | Zot:5    | Got the Orb of Zot
 82004 | Depths:4 | Noticed Umpu Loe the pandemonium lord
 82128 | Depths:2 | Noticed Boris
 82452 | D:$      | Escaped with the Orb!

Illustrated notes

Levels and vault maps discovered:
D:1:      nzn_arrival_depleted_hourglass, layout_basic,
          shapermc_ecumenical_altar_petra, minmay_rat_gold_closets
D:2:      layout_basic, nicolae_elevator_lobby_plus
D:3:      layout_basic, nicolae_overflow_crystal_walls, serial_shops,
          nicolae_shop_hallway_stairs, uniq_natasha, uniq_crazy_yiuf_cottage,
          uniq_jessica
D:4:      layout_cave_pools, serial_shops, shop, uniq_edmund
D:5:      layout_loops_ring, minmay_temple_entry_crystal_x, uniq_sigmund
D:6:      layout_loops_ring, uniq_maggie
D:7:      layout_basic, enter_bailey_1, minmay_circle_x, uniq_duvessa
D:8:      layout_gridville, serial_undead, serial_undead_a, serial_undead_e,
          serial_undead_b, serial_undead_d
D:9:      minmay_opposing_rooms, layout_stronghold, orc_0_dummy, uniq_grum
D:10:     layout_small_grid, erik_lair_orcish_takeover, nicolae_shop_self_help
D:11:     layout_loops_ring
D:12:     layout_stronghold, uniq_erolcha
D:13:     layout_rooms, david_vaults_5
D:14:     layout_loops_cross, elyvilon_altar_5, uniq_kirke, uniq_josephine,
          uniq_agnes, uniq_rupert
D:15:     grunt_enter_depths_giant_problem, layout_layer_cave,
          minmay_misc_feat_enclosed, uniq_louise, uniq_azrael
Lair:1:   layout_loops_ring, st_stairs_12
Lair:2:   layout_cave_pods, lemuel_fruit_tree, grunt_megastairs_1
Lair:3:   layout_chaotic_city, minmay_shoals_entry_centaurs,
          nicolae_spider_entry_non_spiders
Lair:4:   layout_misc_corridors, slime_entry_1, uniq_sonja, uniq_snorg
Lair:5:   guppyfry_lair_end_dragon, layout_layer_cave, basic_altar,
          dpeg_oklob_1, grunt_megastairs_4, infiniplex_staircase_pool
Shoals:1: layout_shoals, serial_shops, nicolae_shop_competitors_out_of_business
Shoals:2: layout_shoals, lemuel_altar_in_water
Shoals:3: layout_shoals, st_cyclops
Shoals:4: shoals_end_hellmonk_lost_city
Spider:1: layout_cave_pods
Spider:2: layout_chambers, nicolae_spider_cling_halls
Spider:3: layout_spider_delve, hangedman_spider_tarantella_strand
Spider:4: hellmonk_spider_rune_bug_friends, nicolae_spider_claw_tunnel,
          uniq_asterion, uniq_arachne
Slime:1:  layout_caves
Slime:2:  layout_caves
Slime:3:  layout_caves, basic_altar
Slime:4:  layout_caves, cheibrodos_slime_lost_civilization_6
Slime:5
Orc:1:    layout_diamond_mine, gammafunk_ghost_smash
Orc:2:    st_orc_congregation, layout_caves, biasface_ghost_orc_armoury,
          minmay_orc_temple_b
Elf:1:    minmay_elf_arrival_plus, layout_geoelf_diagonals, serial_shops,
          shop_statue, serial_corexii_hall, chequers_hall_statues_corner_a,
          chequers_hall_statues_corner_a, orc_legates, nicolae_elf_w_pinch,
          glass_columns_a, st_stairs_2, drop_trap, minivault_16
Elf:2:    elven_hall_of_blades_hangedman_original
          [nicolae_blade_entry_floor_patterns], layout_geoelf_grid, basic_altar
Elf:3:    elf_hall, layout_gridlike, serial_glass, glass_columns_c,
          glass_columns_a, serial_shops, shop
Vaults:1: nicolae_vaults_yaktaur_gun_rack, grunt_vaults_trifunnel,
          hangedman_vaults_restitches, st_spiral_rooms,
          nicolae_vaults_mini_display_case, layout_vaults_omnigrid,
          serial_shops, nicolae_shop_behind_doors, nicolae_shop_hallway_plus,
          shop, nicolae_shop_hallway_stairs, nicolae_shop_crystal
Vaults:2: vaults_room_fancy_cross, nicolae_vaults_puzzle_piece, v_misc_22,
          vaults_mumra_hex, nicolae_vaults_disjoint_gnomons, v_misc_33,
          vaults_room_corners, nicolae_vaults_little_squares_3,
          layout_vaults_chaotic_city
Vaults:3: vaults_room_glass_cross, v_misc_30, nicolae_vaults_little_squares_3,
          v_rooms_2, hangedman_vaults_restitches,
          minmay_crypt_entry_simple_plaza, v_misc_30, nicolae_vaults_alarming,
          vaults_room_stairs_pillars, v_misc_25, vaults_standard_mumra_x,
          nicolae_vaults_circle_grid_a, vaults_dpeg_ring, vaults_mumra_lcd,
          ontoclasm_vaults_twist, layout_vaults_maze_bifur, uniq_sojobo
Vaults:4: ebering_ghost_disaster_area, v_pattern_4, vaults_room_boxed,
          vaults_mumra_chevron_long, nicolae_vaults_network_s,
          ontoclasm_vaults_decontamination, v_misc_3,
          nicolae_vaults_circle_grid_a, layout_vaults_ring, uniq_margery,
          uniq_frederick
Vaults:5: uniq_xtahua, uniq_boris, uniq_bai_suzhen
Crypt:1:  layout_misc_corridors, lemuel_upstairs_altar
Crypt:2:  layout_regular_city
Crypt:3:  cryptofortress_bobbens
Depths:1: layout_roguey, nzn_wu_jian_contemplation, lightli_too_deep,
          special_room [special_room_jelly], abyss_entry, serial_shops,
          shop_fountains, st_stairs_6, drop_trap, zin_angel, minmay_shop_star,
          firewood_loft
Depths:2: minmay_concentric_multi, layout_honeycomb,
          infiniplex_staircase_split_hallway, rand_demon_pan_entry_8, hell_entry
Depths:3: grunt_deathspiral_large, layout_gridlike, enter_ziggurat_a,
          grunt_hell_entry_dis_grunt, serial_bayou, serial_bayou_pond_e,
          serial_bayou_lake_a, serial_bayou_shore_b, serial_bayou_lagoon_a,
          serial_bayou_pond_d, abyss_entry, chequers_serial_rivers_marsh
Depths:4: grunt_x_marks_the_spot, layout_gridlike, serial_shops,
          nicolae_shop_overgrown_old_shop, okawaru_gym_becter, special_room
          [special_room_jelly], hell_entry, abyss_entry,
          grunt_pan_entry_sceptre, uniq_mennas
Zot:1:    layout_basic
Zot:2:    layout_concentric_octagons, ebering_ghost_inner_flame
Zot:3:    dreamdust_black_sun_cult, layout_basic
Zot:4:    hangedman_zot_vaults_quadrants, layout_cathedral_of_symmetry,
          uniq_josephina
Zot:5:    layout_basic, st_stairs_12

Skill      XL: |  1  2  3  4  5  6  7  8  9 10 11 12 13 14 15 16 17 18 19 20 21 22 23 24 25 26 27 |
---------------+----------------------------------------------------------------------------------+-----
Fighting       | 4 5 6 7 8 10 11 12 13 14 15 16 17 18 19 20 21 22 23 25 | 25.4
Maces & Flails | 4 5 6 7 8 9 11 13 14 16 17 18 19 20 22 23 26 | 26.0
Armour         | 3 4 5 6 7 8 9 10 12 14 15 16 17 18 19 20 21 23 | 23.0
Stealth        | 1 2 3 4 5 6 7 8 |  8.1
Dodging        | 2 3 4 5 6 7 8 9 11 12 | 12.3
Shields        | 2 3 5 7 8 11 14 16 18 20 21 22 23 25 26 27 | 27.0
Throwing       | 1 2 3 |  3.2
Ranged Weapons | 3 5 8 10 11 12 13 14 15 16 | 16.4
Axes           | 1 |  1.9

Action                   |  1- 3 |  4- 6 |  7- 9 | 10-12 | 13-15 | 16-18 | 19-21 | 22-24 | 25-27 || total
-------------------------+-------+-------+-------+-------+-------+-------+-------+-------+-------++-------
Melee: Mace              |   159 |    86 |    94 |   343 |   402 |       |       |       |       ||  1084
       Punch             |       |     3 |     2 |       |       |       |       |       |       ||     5
       Shillelagh        |       |    21 |    36 |   299 |   181 |   120 |    25 |    10 |       ||   692
       War axe           |       |       |       |       |    25 |       |       |       |       ||    25
       Demon whip        |       |       |       |       |    35 |       |       |       |       ||    35
       Morningstar       |       |       |       |       |   232 |       |       |   207 |   253 ||   692
       Eveningstar       |       |       |       |       |   207 |  1235 |  1516 |  1989 |  2122 ||  7069
       Hand crossbow     |       |       |       |       |       |       |     3 |       |       ||     3
 Fire: Sling             |       |       |       |       |   142 |   324 |    39 |       |       ||   505
       Hand crossbow     |       |       |       |       |       |       |    73 |   176 |   260 ||   509
Throw: Boomerang         |       |       |       |    19 |    18 |    63 |    14 |     6 |     5 ||   125
Invok: Berserk           |     1 |       |     1 |     1 |     6 |     7 |     7 |     2 |     2 ||    27
       Brothers in Arms  |       |       |       |       |       |       |       |     1 |       ||     1
Evoke: Phial of floods   |       |       |       |       |       |       |       |       |     1 ||     1
  Use: Scroll            |       |       |       |     5 |    21 |     5 |     5 |     8 |    18 ||    62
       Potion            |       |       |       |     1 |     7 |       |       |     1 |       ||     9
 Stab: Sleeping          |     3 |     2 |     5 |     4 |     9 |     4 |       |       |       ||    27
       Distracted        |       |       |       |     1 |       |     1 |       |       |     1 ||     3
       Confused          |       |       |       |       |       |       |       |       |     2 ||     2
Armor: Animal skin       |    64 |    20 |       |       |       |       |       |       |       ||    84
       Leather armour    |       |    17 |    36 |       |     2 |   173 |       |       |       ||   228
       Acid dragon scale |       |       |    30 |   304 |    80 |       |       |       |       ||   414
       Troll leather arm |       |       |       |       |   288 |   322 |       |       |       ||   610
       Crystal plate arm |       |       |       |       |       |       |   328 |   588 |   799 ||  1715
Dodge: Dodged            |   106 |    63 |    68 |   386 |   472 |   483 |   182 |   309 |   481 ||  2550
Block: Buckler           |       |       |    10 |   181 |    50 |       |       |       |       ||   241
       Kite shield       |       |       |       |       |   461 |    82 |       |       |       ||   543
       Tower shield      |       |       |       |       |       |  1487 |  1604 |  2518 |  2804 ||  8413
       Reflection        |       |       |       |       |       |    81 |   127 |    43 |    78 ||   329
